 Dungeon Crawl Stone Soup version 0.27-a0-291-gd9602db6ee (webtiles) character file.

Game seed: 8752419800470494166

970 vurker the Magician (level 7, -5/52 HPs)
             Began as a Mummy Ice Elementalist on Feb 9, 2021.
             Was an Initiate of Vehumet.
             Slain by a water moccasin (7 damage)
             ... on level 7 of the Dungeon.
             The game lasted 00:10:29 (8406 turns).

vurker the Magician (Mummy Ice Elementalist)        Turns: 8406, Time: 00:10:30

Health: -5/52      AC:  3    Str: 11    XL:     7   Next: 94%
Magic:  7/16       EV: 12    Int: 16    God:    Vehumet [......]
Gold:   396        SH:  0    Dex: 13    Spells: 7/19 levels left

rFire    x . .     SeeInvis .   k - +0 short sword
rCold    + + .     Faith    .   (no shield)
rNeg     + + +     Spirit   .   a - +0 robe
rPois    ∞         Reflect  .   (no helmet)
rElec    .         Harm     .   (no cloak)
rCorr    +         Rampage  .   b - +0 pair of gloves
Will     .....                  (no boots)
Stlth    ++........             n - amulet of magic regeneration
HPRegen  0.17/turn              m - ring of resist corrosion
MPRegen  0.40/turn              f - ring of protection from cold

@: very slightly contaminated
A: no potions, fire vulnerability, cold resistance 1, negative energy resistance
3, torment resistance, unbreathing
a: Renounce Religion


You were on level 7 of the Dungeon.
You worshipped Vehumet.
Vehumet was noncommittal.
You visited 1 branch of the dungeon, and saw 7 of its levels.

You collected 396 gold pieces.

Inventory:

Hand Weapons
 k - a +0 short sword (weapon)
   (You took it off a kobold on level 2 of the Dungeon)
Armour
 a - a +0 robe (worn)
 b - a +0 pair of gloves (worn)
   (You found it on level 1 of the Dungeon)
Jewellery
 f - a ring of protection from cold (right hand)
   (You found it on level 6 of the Dungeon)
 m - a ring of resist corrosion (left hand)
   (You found it on level 5 of the Dungeon)
 n - an amulet of magic regeneration (around neck)
   (You found it on level 4 of the Dungeon)
Wands
 t - a wand of flame (20)
   (You found it on level 6 of the Dungeon)
Scrolls
 c - a scroll of fear {unknown}
 d - a scroll of blinking {unknown}
 e - 3 scrolls of magic mapping
 g - 2 scrolls of enchant weapon
 h - 5 scrolls of remove curse
 i - 4 scrolls of teleportation
 j - a scroll of enchant armour
 l - 2 scrolls of immolation
 o - a scroll of amnesia {unknown}


   Skills:
 + Level 3.3 Fighting
 - Level 1.5 Dodging
 - Level 1.5 Stealth
 * Level 6.6 Spellcasting
 + Level 2.3 Conjurations
 + Level 2.0 Summonings
 * Level 5.4 Ice Magic


You had 7 spell levels left.
You knew the following spells:

 Your Spells              Type           Power        Failure   Level
a - Freeze                Ice            88%          1%          1
b - Frozen Ramparts       Ice            44%          4%          3
c - Hailstorm             Conj/Ice       17%          26%         4
d - Summon Ice Beast      Ice/Summ       17%          28%         4

Your spell library contained the following spells:

 Spells                   Type           Power        Failure   Level
 Ozocubu's Armour         Ice            22%          4%          3


Dungeon Overview and Level Annotations

Branches:
Dungeon (7/15)
 Temple: D:4-7

Altars:
Nemelex Xobeh
Vehumet
Yredelemnul
Zin


Innate Abilities, Weirdness & Mutations

You do not drink.
Your flesh is vulnerable to fire.
You are immune to poison.
Your flesh is cold resistant. (rC+)
You are immune to negative energy. (rN+++)
You are immune to unholy pain and torment.
You can survive without breathing.


Message History

The necrophage resists.
The water moccasin bites your ice beast.
The necrophage closely misses you.
The water moccasin bites your ice beast!
Your ice beast hits the necrophage.
Your ice beast freezes the necrophage.
The necrophage resists.
Your ice beast hits the necrophage.
Your ice beast freezes the necrophage.
The necrophage resists.
You closely miss the necrophage. The necrophage misses you.
The water moccasin bites your ice beast.
Your ice beast dies!
Your ice beast hits the necrophage but does no damage.
You hit the necrophage. The necrophage hits you.
Your ice beast closely misses the necrophage.
The water moccasin bites you!
You hit the necrophage but do no damage.
The necrophage completely misses you. The water moccasin barely misses you.
Your ice beast barely misses the necrophage.
The necrophage hits you.
Aim: a necrophage (almost destroyed)
The necrophage resists.
You freeze the necrophage. The water moccasin bites you.
Your ice beast closely misses the necrophage.
The water moccasin bites you. The necrophage hits you.
* * * LOW HITPOINT WARNING * * *
Aim: a necrophage (almost destroyed)
The necrophage resists.
You freeze the necrophage.
The water moccasin bites you but does no damage.
Your ice beast closely misses the necrophage.
The necrophage hits you!
* * * LOW HITPOINT WARNING * * *
Unknown command.
Aim: a necrophage (almost destroyed)
The necrophage resists.
You freeze the necrophage.
You destroy the necrophage!
Vehumet accepts your kill. The water moccasin bites you.
* * * LOW HITPOINT WARNING * * *
The water moccasin misses you.
Aim: a water moccasin You miscast Freeze.
You are very lightly contaminated with residual magic.
Nothing appears to happen.
Your ice beast barely misses the water moccasin.
The water moccasin bites you!
* * * LOW HITPOINT WARNING * * *
Aim: a water moccasin You freeze the water moccasin!
The water moccasin seems to slow down.
Your ice beast barely misses the water moccasin.
The water moccasin bites you!
You die...

#...../.
#......#
#$.....##
#.......#
####...(...#
#.###.:........#
#...............
#..<@Y.....#
##...S....##
##.......#
##...#..#
#.....## ######
#?..... ......
#...#.## ##
#...#.# #.
.>....


You could see a water moccasin (slow) and a friendly ice beast (summoned).

Vanquished Creatures
  A necrophage (D:7)
  2 ogres
  A centaur (D:5)
  A bullfrog (D:6)
  3 scorpions
  A centaur skeleton (D:4)
  3 iguanas
  An orc wizard (D:3)
  4 worker ants
  A hound zombie (D:5)
  6 adders
  A white imp (D:5)
  An adder skeleton (D:5)
  3 worms
  2 dart slugs (D:2)
  3 leopard geckos
  4 orcs
  A ball python (D:4)
  9 giant cockroaches
  6 goblins
  7 hobgoblins
  17 jackals
  2 quokkas
  6 bats
  6 frilled lizards
  A kobold (D:2)
  7 rats
100 creatures vanquished.

Vanquished Creatures (collateral kills)
  An ice beast (D:5)
  A white imp (D:5)
2 creatures vanquished.

Grand Total: 102 creatures vanquished

Notes
Turn   | Place    | Note
-------+----------+-------------------------------------------
     0 | D:1      | vurker the Mummy Ice Elementalist began the quest for the
                  | Orb.
     0 | D:1      | Reached XP level 1. HP: 13/13 MP: 4/4
   207 | D:1      | Reached skill level 3 in Spellcasting
   272 | D:1      | Reached XP level 2. HP: 18/20 MP: 0/6
  1429 | D:2      | Reached skill level 1 in Fighting
  1429 | D:2      | Reached XP level 3. HP: 16/26 MP: 3/7
  1682 | D:2      | Learned a level 3 spell: Frozen Ramparts
  2191 | D:2      | Found a faded altar of an unknown god.
  3033 | D:3      | Reached skill level 4 in Spellcasting
  3033 | D:3      | Reached XP level 4. HP: 32/32 MP: 6/10
  3072 | D:3      | Learned a level 4 spell: Hailstorm
  3208 | D:3      | Found a glowing silver altar of Zin.
  3211 | D:3      | Found a basalt altar of Yredelemnul.
  4071 | D:3      | Reached XP level 5. HP: 30/38 MP: 7/11
  4076 | D:3      | Learned a level 4 spell: Summon Ice Beast
  4370 | D:4      | Reached skill level 1 in Conjurations
  4870 | D:4      | Reached XP level 6. HP: 36/44 MP: 13/13
  5019 | D:4      | Reached skill level 5 in Spellcasting
  5152 | D:4      | Reached skill level 1 in Summonings
  5470 | D:5      | Entered Level 5 of the Dungeon
  5847 | D:5      | Found a radiant altar of Vehumet.
  6339 | D:5      | Reached XP level 7. HP: 6/51 MP: 10/15
  6925 | D:5      | Became a worshipper of Vehumet
  7059 | D:6      | Reached skill level 5 in Ice Magic
  7091 | D:6      | Reached skill level 6 in Spellcasting
  7890 | D:6      | Found a sparkling altar of Nemelex Xobeh.
  8405 | D:7      | HP: 2/52 [water moccasin (9)]
  8406 | D:7      | Slain by a water moccasin

Illustrated notes

Levels and vault maps discovered:
D:1:      wander_arrival_peaceful_grave, layout_loops_ring
D:2:      layout_basic, chequers_ecumenical_altar_simple_redux,
          minmay_pentomino_q2
D:3:      layout_basic, nicolae_overflow_hidden_temple,
          chequers_serial_rivers_large_a
D:4:      layout_loops_ring
D:5:      layout_basic, lemuel_round_altar, st_stairs_1
D:6:      layout_gridville, nemelex_xobeh_ov_fountains_minmay
D:7:      layout_rooms, lemuel_coloured_pillars_altar,
          minmay_temple_entry_from_below_a, uniq_crazy_yiuf_cottage, uniq_maggie

Skill      XL: |  1  2  3  4  5  6  7 |
---------------+----------------------+-----
Spellcasting   | 3 4 5 6 |  6.6
Fighting       | 1 2 3 |  3.3
Ice Magic      | 4 5 |  5.4
Conjurations   | 1 2 |  2.3
Summonings     | 1 2 |  2.0
Dodging        | |  1.5
Stealth        | |  1.5

Action                   |  1- 3 |  4- 6 |  7- 9 || total
-------------------------+-------+-------+-------++-------
Melee: Unarmed           |    10 |       |       ||    10
       Short sword       |     8 |    59 |    10 ||    77
 Cast: Freeze            |    72 |    61 |    27 ||   160
       Frozen Ramparts   |     1 |    11 |     6 ||    18
       Summon Ice Beast  |       |     2 |     6 ||     8
  Use: Scroll            |       |     6 |     1 ||     7
 Stab: Sleeping          |       |     3 |       ||     3
Armor: Robe              |    10 |    20 |     6 ||    36
Dodge: Dodged            |    47 |    81 |    20 ||   148

Table legend: (Time is in decaauts)
 A = Elapsed time spent in this place.
 B = Non-inter-level travel time spent in this place.
 C = Inter-level travel time spent in this place.
 D = Time resting spent in this place.
 E = Time spent auto-exploring this place.
 F = Levels seen in this place.
 G = Mean time per level.
                   A        B        C        D        E       F      G
               +--------+--------+--------+--------+--------+-----+--------+
         Total |   8424 |   8177 |    247 |    282 |   7017 |   7 | 1203.4 |
       Dungeon |   8424 |   8177 |    247 |    282 |   7017 |   7 | 1203.4 |
               +--------+--------+--------+--------+--------+-----+--------+

Top non-repeatable levels by time:
     D:2: 1740 daAuts
     D:5: 1495 daAuts
     D:3: 1373 daAuts
     D:6: 1350 daAuts
     D:1: 1233 daAuts
     D:4: 1137 daAuts
     D:7: 92 daAuts
